 Dungeon Crawl Stone Soup version 0.30-a0-862-g1aabd4f9c5 (webtiles) character file.

Game seed: 7442162095276889687

1443 bande the Chopper (level 8, -1/50 HPs)
             Began as a Gargoyle Fighter on Mar 10, 2023.
             Was a Believer of Okawaru.
             Slain by a yak (10 damage)
             ... on level 6 of the Dungeon.
             The game lasted 00:11:40 (4007 turns).

bande the Chopper (Gargoyle Fighter)                Turns: 4007, Time: 00:11:41

Health: -1/50      AC: 18    Str: 19    XL:     8   Next: 74%
Magic:  10/10      EV:  9    Int: 10    God:    Okawaru [**....]
Gold:   291        SH:  5    Dex: 11    Spells: 7/7 levels left

rFire   . . .      SeeInvis .    a - +1 war axe (freeze)
rCold   + . .      Faith    .    c - +0 buckler
rNeg    + . .      Spirit   .    l - +2 scale mail {rC+}
rPois   ∞          Reflect  .    w - +1 helmet
rElec   +          Rampage  .    (no cloak)
rCorr   .                        h - +0 pair of gloves
Will    .....                    (no boots) Stlth
                                 (no amulet)
HPRegen 0.28/turn                (no ring)
MPRegen 0.12/turn                (no ring)

@: no status effects
A: sickness immunity, AC +5, negative energy resistance 1, electricity
resistance, torment resistance 1, petrification resistance
a: Renounce Religion, Heroism


You were on level 6 of the Dungeon.
You worshipped Okawaru.
Okawaru was pleased with you.
You visited 2 branches of the dungeon, and saw 7 of its levels.

You collected 291 gold pieces.

Inventory:

Hand Weapons
 a - a +1 war axe of freezing (weapon)
 t - a +0 flail
 u - a +0 war axe
Armour
 c - a +0 buckler (worn)
 h - a +0 pair of gloves (worn)
 l - a +2 scale mail of cold resistance (worn)
 w - a +1 helmet (worn)
Jewellery
 s - an amulet of faith
Wands
 e - a wand of flame (21)
 p - a wand of roots (8)
Scrolls
 i - a scroll of brand weapon
 m - a scroll of blinking
 n - 5 scrolls of identify
Potions
 b - a potion of mutation {unknown}
 d - 3 potions of might
 f - a potion of flight
 g - a potion of attraction {unknown}
 j - a potion of curing
 k - a potion of heal wounds
 r - a potion of magic {unknown}
 v - 3 potions of haste {unknown}


   Skills:
 + Level 5.4 Fighting
 + Level 6.6 Axes
 + Level 5.9 Armour
 + Level 4.4 Shields
 * Level 2.9 Invocations
 * Level 2.2 Evocations


You had 7 spell levels left.
You didn't know any spells.
Your spell library contained the following spells:

 Spells                   Type           Power      Damage    Failure   Level
 Freeze                   Ice            0%         1d3       80%         1
 Slow                     Hex            0%         N/A       80%         1
 Poisonous Vapours        Pois/Air       0%         N/A       90%         2
 Confusing Touch          Hex            0%         N/A       99%         3
 Frozen Ramparts          Ice            0%         1d1       99%         3
 Hailstorm                Conj/Ice       0%         3d3       99%         3
 Mephitic Cloud           Conj/Pois/Air  0%         N/A       99%         3
 Vampiric Draining        Necr           0%         2d6       99%         3
 Cigotuvi's Dreadful Rot  Necr/Pois/Air  Unusable   N/A       N/A         2

Dungeon Overview and Level Annotations

Branches:
Dungeon (6/15)             Temple (1/1) D:4

Altars:
Ashenzari
Cheibriados
Dithmenos
Elyvilon
Fedhas
Gozag
Hepliaklqana
Kikubaaqudgha
Nemelex Xobeh
Okawaru
Ru
Trog
Uskayaw
Vehumet
Wu Jian
Xom
Yredelemnul
Zin
The Shining One


Innate Abilities, Weirdness & Mutations

You are immune to sickness and miasma.
Your stone body is resilient. (AC +5)
You are immune to poison.
You resist negative energy. (rN+)
You are resistant to electric shocks. (rElec)
You are resistant to unholy torment.
You are immune to petrification.


Message History

The yak is heavily wounded.
The yak gores you but does no damage.
You closely miss the yak.
The yak is heavily wounded.
The yak gores you!
You barely miss the yak.
The yak is heavily wounded.
The yak closely misses you. The yak gores you!
* * * LOW HITPOINT WARNING * * *
You hit the yak. You freeze the yak.
The yak is heavily wounded.
The yak gores you but does no damage.
You barely miss the yak.
The yak is heavily wounded.
The yak snorts and paws the ground.
You block the yak's attack.
You closely miss the yak.
The yak is heavily wounded.
The yak gores you but does no damage.
You hit the yak. You freeze the yak.
The yak is severely wounded.
The yak gores you!
* * * LOW HITPOINT WARNING * * *
The yak gores you but does no damage.
You barely miss the yak.
The yak is severely wounded.
The yak barely misses you.
You hit the yak. You freeze the yak.
The yak is almost dead.
The yak gores you but does no damage.
You barely miss the yak.
The yak is almost dead.
The yak closely misses you.
You hit the yak but do no damage.
The yak is almost dead.
The yak barely misses you.
You barely miss the yak.
The yak is almost dead.
The yak gores you!
You die...

## .### #############
#..### ###..@Y........
..#..#######...#####.~...~
#...#........### .~~..
..#...#..###.# ~~~≈
#...#...#..#.# ~~~
..#...#...#.## h.
#...#...#.(.# .
..#...#...#.#
#...#...#...#


You could see a yak.

Vanquished Creatures
  4 yaks (D:6)
  Eustachio (D:4)
  A black bear (D:6)
  An ogre (D:5)
  A jelly (D:5)
  2 orc priests
  2 hounds
  4 iguanas
  Ijyb (D:3)
  4 orc wizards
  A sleepcap (D:4)
  6 adders
  An ufetubus (D:6)
  A worm (D:3)
  4 dart slugs
  15 orcs
  5 ball pythons
  3 endoplasms (D:4)
  A giant cockroach (D:1)
  8 goblins
  5 hobgoblins
  3 jackals (D:5)
  8 kobolds
  2 quokkas
  3 frilled lizards (D:3)
  3 rats
  A spectral hobgoblin (D:2)
91 creatures vanquished.

Vanquished Creatures (others)
  A fungus (D:1)
1 creature vanquished.

Grand Total: 92 creatures vanquished

Notes
Turn   | Place    | Note
-------+----------+-------------------------------------------
     0 | D:1      | bande the Gargoyle Fighter began the quest for the Orb.
     0 | D:1      | Reached XP level 1. HP: 14/14 MP: 1/1
   162 | D:1      | Reached XP level 2. HP: 19/19 MP: 2/2
   322 | D:1      | Reached skill level 2 in Axes
   582 | D:2      | Reached XP level 3. HP: 19/23 MP: 3/3
   716 | D:2      | Found a faded altar of an unknown god.
  1272 | D:3      | Noticed Ijyb
  1277 | D:3      | Killed Ijyb
  1278 | D:3      | Reached XP level 4. HP: 21/29 MP: 4/4
  1417 | D:3      | Reached skill level 3 in Axes
  1525 | D:3      | Found a sparkling altar of Nemelex Xobeh.
  1990 | D:4      | Reached XP level 5. HP: 11/33 MP: 5/5
  2106 | D:4      | Reached XP level 6. HP: 24/38 MP: 6/6
  2208 | D:4      | Found a staircase to the Ecumenical Temple.
  2217 | Temple   | Entered the Ecumenical Temple
  2431 | D:4      | Noticed Eustachio
  2467 | D:4      | Killed Eustachio
  2468 | D:4      | Reached skill level 4 in Axes
  2898 | D:4      | Found an iron altar of Okawaru.
  2921 | D:4      | Became a worshipper of Warmaster Okawaru
  3020 | D:4      | Reached XP level 7. HP: 31/44 MP: 7/7
  3131 | D:5      | Entered Level 5 of the Dungeon
  3160 | D:5      | Reached skill level 5 in Armour
  3360 | D:5      | Reached skill level 5 in Axes
  3458 | D:5      | Found a shimmering altar of Xom.
  3558 | D:5      | Reached skill level 1 in Invocations
  3883 | D:6      | Reached * piety under Okawaru
  3884 | D:6      | Reached skill level 1 in Evocations
  3886 | D:6      | Reached skill level 5 in Fighting
  3946 | D:6      | Noticed a yak
  3947 | D:6      | Noticed a yak
  3952 | D:6      | Noticed a yak
  3952 | D:6      | Noticed a yak
  3953 | D:6      | Noticed a yak
  3961 | D:6      | Killed a yak
  3962 | D:6      | Reached XP level 8. HP: 46/49 MP: 9/9
  3964 | D:6      | Killed a yak
  3965 | D:6      | Reached skill level 6 in Axes
  3987 | D:6      | Killed a yak
  3995 | D:6      | Killed a yak
  3995 | D:6      | Reached ** piety under Okawaru
  4007 | D:6      | Slain by a yak

Illustrated notes

Levels and vault maps discovered:
D:1:      scummos_arrival_simple_fountains, layout_basic, serial_bayou_pond_a,
          dreamdust_mushroom_princess
D:2:      layout_basic, dreamdust_ecumenical_altar_drowned_temple
D:3:      layout_basic, marbit_many_paths, uniq_ijyb
D:4:      layout_loops_cross, mainiacjoe_overflow_small_starburst,
          minmay_temple_entry_butterflies, nicolae_titane, uniq_eustachio
D:5:      layout_basic, xom_teletrap_fun
D:6:      layout_rooms, gammafunk_temple_overflow_elements, hex_large,
          chequers_serial_rivers_small_3, grunt_decor_junction,
          kennysheep_generic_room_7
Temple:   eino_temple_scatter_basement

Skill      XL: |  1  2  3  4  5  6  7  8 |
---------------+-------------------------+-----
Axes           | 2 3 4 5 6 |  6.6
Armour         | 4 5 |  5.9
Shields        | 4 |  4.4
Fighting       | 4 5 |  5.4
Invocations    | 1 2 |  2.9
Evocations     | 1 2 |  2.2

Action                     |  1- 3 |  4- 6 |  7- 9 || total
---------------------------+-------+-------+-------++-------
  Melee: War axe           |    82 |   151 |   101 ||   334
    Use: Potion            |       |     4 |       ||     4
         Scroll            |       |       |     7 ||     7
 Armour: Scale mail        |    50 |   198 |    64 ||   312
  Dodge: Dodged            |    37 |   109 |    55 ||   201
  Block: Buckler           |    14 |    36 |    15 ||    65

Table legend: (Time is in decaauts)
 A = Elapsed time spent in this place.
 B = Non-inter-level travel time spent in this place.
 C = Inter-level travel time spent in this place.
 D = Time resting spent in this place.
 E = Time spent auto-exploring this place.
 F = Levels seen in this place.
 G = Mean time per level.
                   A        B        C        D        E       F      G
               +--------+--------+--------+--------+--------+-----+--------+
         Total |   4128 |   4077 |     51 |     27 |   2981 |   7 |  589.7 |
       Dungeon |   3915 |   3864 |     51 |     27 |   2843 |   6 |  652.5 |
        Temple |    212 |    212 |      0 |      0 |    138 |   1 |  212.0 |
               +--------+--------+--------+--------+--------+-----+--------+

Top non-repeatable levels by time:
     D:4: 1015 daAuts
     D:3: 756 daAuts
     D:5: 696 daAuts
     D:2: 634 daAuts
     D:1: 609 daAuts
  Temple: 212 daAuts
     D:6: 204 daAuts
